 Dungeon Crawl Stone Soup version 0.21.1-1-g345015f (webtiles) character file.

33 inc the Scratcher (level 3, 0/15 HPs)
             Began as a Felid Transmuter on June 9, 2018.
             Slain by a bat (1 damage)
             ... on level 2 of the Dungeon.
             The game lasted 00:01:37 (1399 turns).

inc the Scratcher (Felid Transmuter)                Turns: 1399, Time: 00:01:38

Health: 0/15       AC:  1    Str:  6    XL:     3   Next: 12%
Magic:  7/7        EV: 18    Int: 14    God:
Gold:   46         SH:  0    Dex: 17    Spells: 5/6 levels left
                                        Lives:  0   Deaths: 0

rFire    . . .     SeeInvis +     - Unarmed
rCold    . . .     Gourm    .   (shield unavailable)
rNeg     . . .     Faith    .   (armour unavailable)
rPois    .         Spirit   .   (helmet unavailable)
rElec    .         Reflect  .   (cloak unavailable)
rCorr    .         Harm     .   (gloves unavailable)
MR       .....                  (boots unavailable)
Stlth    ++........             (no amulet)
HPRegen  0.05/turn              (no ring)
MPRegen  0.10/turn              (no ring)

@: appendage (expiring), quick
A: very small, no armour, no weapons or thrown items, stealth, claws 1, fangs 3,
horns 2, see invisible, carnivore, speed 1, shaggy fur 1, slow metabolism 1,
sharp paws
a: End Transformation


You were on level 2 of the Dungeon.
You were not hungry.
You had grown temporary horns.
You visited 1 branch of the dungeon, and saw 2 of its levels.

You collected 46 gold pieces.

Inventory:

Missiles
 a - 12 arrows
Scrolls
 d - a scroll of fear {unknown}
 e - a scroll of remove curse {unknown}
 f - a scroll of immolation {unknown}
 g - a scroll of teleportation {unknown}
 h - a scroll of identify {unknown}
 i - a scroll of random uselessness {unknown}
Potions
 j - a potion of berserk rage {unknown}
Books
 b - a book of Changes

   Spells                             Type                      Level
   a - Beastly Appendage              Transmutation                1
   b - Sticks to Snakes               Transmutation                2
   c - Spider Form                    Transmutation/Poison         3
   d - Ice Form                       Ice/Transmutation            4
   e - Blade Hands                    Transmutation                5
Comestibles
 c - a ration


   Skills:
 - Level 1.0 Fighting
 - Level 2.6 Dodging
 + Level 4.3 Unarmed Combat
 - Level 2.0 Spellcasting
 - Level 2.1 Transmutations


You had 5 spell levels left.
You knew the following spells:

 Your Spells              Type           Power        Failure   Level  Hunger
a - Beastly Appendage     Tmut           #.....       10%         1    ##.....


Dungeon Overview and Level Annotations

Branches:
Dungeon (2/15)

Altars:


Innate Abilities, Weirdness & Mutations

You cannot wear armour.
You are incapable of wielding weapons or throwing items.
Your paws allow you to move quietly. (Stealth)
You have sharp claws.
You have razor-sharp teeth.
You have supernaturally acute eyesight. (SInv)
You are carnivorous and can eat meat at any time.
You cover ground quickly.
You are covered in fur. (AC +1)
You have a slow metabolism.
Your sharp claws are effective at attacking unaware monsters.
You have a pair of horns on your head.


Message History

You closely miss the bat. The bat barely misses you.
You start resting.
The bat barely misses you.
A bat comes into view.
You miss the bat. The bat hits you but does no damage.
You closely miss the bat. You bite the bat, but do no damage.
The bat misses you.
You scratch the bat but do no damage.
Your transformation is almost over.
The bat hits you but does no damage.
You scratch the bat.
The bat is severely wounded.
The bat barely misses you. x2
A frilled lizard comes into view.
You barely miss the bat. The bat closely misses you.
The frilled lizard moves out of view.
The bat barely misses you.
Found a scroll labeled IFYINE CYSUPA.
The bat misses you. The bat hits you.
You die...

## #. ### .#
#..l##.
#.#....####
......†<..##
...........#####
..>.####bb@....#
... ####.?.## .
....?.. ..#####
#.. ##. ##


You could see 2 bats and a frilled lizard (wandering).

Vanquished Creatures
  An adder (D:2)
  A dart slug (D:1)
  A leopard gecko (D:2)
  A giant cockroach (D:1)
  2 goblins (D:1)
  A ball python (D:1)
  3 bats
  2 frilled lizards (D:1)
  7 kobolds (D:1)
  4 rats (D:1)
23 creatures vanquished.

Notes
Turn   | Place    | Note
-------+----------+-------------------------------------------
     0 | D:1      | inc the Felid Transmuter began the quest for the Orb.
     0 | D:1      | Reached XP level 1. HP: 9/9 MP: 4/4
   532 | D:1      | Reached XP level 2. HP: 11/12 MP: 6/6
  1075 | D:1      | Reached skill level 4 in Unarmed Combat
  1384 | D:2      | Reached XP level 3. HP: 4/15 MP: 7/7
  1399 | D:2      | Slain by a bat

Skill      XL: |  1  2 |
---------------+-------+-----
Unarmed Combat | 4 |  4.3
Fighting       | |  1.0
Dodging        | |  2.6
Spellcasting   | |  2.0
Transmutations | |  2.1

Action                   || total
-------------------------++-------
Melee: Unarmed           ||    95
       Punch             ||     1
       Bite              ||     1
 Cast: Beastly Appendage ||     1
 Stab: Sleeping          ||     4
Armor: Skin              ||    10
Dodge: Dodged            ||   103
